 Dungeon Crawl Stone Soup version 0.17-a0-1942-g46ae386 (webtiles) character file.

53 ololoev the Skirmisher (level 3, -4/33 HPs)
             Began as a Hill Orc Fighter on Sept 30, 2015.
             Slain by an ogre
             ... wielding a +0 giant club
              (20 damage)
             ... on level 5 of the Dungeon.
             The game lasted 00:03:09 (398 turns).

ololoev the Skirmisher (Hill Orc Fighter)            Turns: 398, Time: 00:03:10

Health: -4/33      AC:  7    Str: 19    XL:     3   Next: 87%
Magic:  3/3        EV:  9    Int:  8    God:
Gold:   28         SH:  0    Dex: 10    Spells: 0 memorised, 2 levels left

rFire  . . .     SeeInvis .     a - +0 war axe
rCold  . . .     Clarity  .     b - +0 scale mail
rNeg   . . .     SustAt   .     (no shield)
rPois  .         Gourm    .     (no helmet)
rElec  .         Spirit   .     (no cloak)
rCorr  .         Warding  .     (no gloves)
rMut   .         Stasis   .     (no boots)
MR     .....                    (no amulet)
Stlth  ..........               (no ring)
                                (no ring)

@: confused, not resistant to hostile enchantments, extremely unstealthy
A: no striking features
a: no special abilities

Inventory:

Hand weapons
 a - a +0 war axe (weapon)
Armour
 b - a +0 scale mail (worn)
Scrolls
 c - a scroll of amnesia {unknown}
 g - a scroll of enchant armour {unknown}
 i - a scroll of fog {unknown}
 k - a scroll of remove curse {unknown}
 l - a scroll of random uselessness {unknown}
 m - a scroll of blinking {unknown}
Potions
 d - 3 potions of might
 o - a potion of haste {unknown}
Comestibles
 e - 2 bread rations
 h - a meat ration
 n - 5 chunks of flesh


   Skills:
 + Level 4.3 Fighting
 * Level 4.2 Axes
 + Level 3.7 Armour
   Level 3.2 Shields


You had 2 spell levels left.
You didn't know any spells.


You were on level 5 of the Dungeon.
You were not hungry.

You visited 1 branch of the dungeon, and saw 5 of its levels.

You collected 28 gold pieces.

#+ ########
#.##.##<#....##
..............#
.............##
#.##.##.####.#
#.##@#### # .
+.O...+ #
##'#### #..
...+ #..# #..#
.... ....

Notes
Turn   | Place    | Note
--------------------------------------------------------------
     0 | D:1      | ololoev the Hill Orc Fighter began the quest for the Orb.
     0 | D:1      | Reached XP level 1. HP: 19/19 MP: 1/1
    82 | D:3      | Reached XP level 2. HP: 22/27 MP: 2/2
   251 | D:3      | Reached skill level 4 in Fighting
   342 | D:4      | Reached XP level 3. HP: 11/33 MP: 3/3
   389 | D:5      | Entered Level 5 of the Dungeon
   395 | D:5      | Noticed an ogre
   398 | D:5      | Slain by an ogre

Dungeon Overview and Level Annotations

Branches:
Dungeon (5/15)
 Temple: D:4-7

Altars:


Message History

The adder is severely wounded.
The adder bites you but does no damage. The adder completely misses you.
You hit the adder.
You kill the adder!
You see here an adder corpse.
You butcher the adder corpse.
n - 5 chunks of flesh (gained 2)
A ball python comes into view.
There is a stone staircase leading down here.
There is a stone staircase leading down here.
You are too injured to fight recklessly!
You are too injured to fight recklessly!
You are too injured to fight recklessly!
You barely miss the ball python.
The ball python bites you but does no damage.
The ball python closely misses you.
You barely miss the ball python.
The ball python bites you but does no damage.
The ball python grabs you. The ball python constricts you.
The ball python bites you but does no damage.
The ball python constricts you.
You barely miss the ball python.
The ball python bites you but does no damage.
The ball python constricts you.
You hit the ball python.
You kill the ball python!
There is a stone staircase leading down, spattered with blood here.
You climb downwards.
There is a stone staircase leading up here.
You open the door.
An ogre comes into view. It is wielding a giant club.
The ogre shouts!
Drink which item? (? for menu, Esc to quit)
It was a potion of cancellation.
You feel magically purged.
Drink which item? (? for menu, Esc to quit)
It was a potion of ambrosia.
You are confused.
You feel invigorated. The ogre hits you with a giant club!!
Ouch! That really hurt!
You die...

You could see an ogre.

Vanquished Creatures
  An iguana (D:4)
  An adder (D:4)
  A ball python (D:4)
  2 bats (D:3)
  2 giant cockroaches
  3 goblins
  4 hobgoblins
  3 kobolds
  4 giant newts
  A jackal skeleton (D:4)
22 creatures vanquished.

Action                   || total
-------------------------++-------
Melee: War axe           ||    74
  Use: Potion            ||     2

Vault maps used:
D:1:      lightli_arrival_quake
D:2:      lemuel_doored_altar, kennysheep_doodads, columned_hall_lemuel,
          minmay_misc_feat_room, hangedman_abyss_or_decor_lesser_grid, uniq_iyjb
D:3:      kennysheep_generic_room_6
D:4:      serial_corexii_hall, corexii_hall_statues_x, corexii_hall_statues_s,
          minmay_misc_feat_encased
D:5:      first_bread, uniq_eustachio, uniq_edmund
